 Dungeon Crawl Stone Soup version 0.22.1-1-ga44c0e5 (webtiles) character file.

348 Fang the Chopper (level 6, 0/39 HPs)
             Began as a Gargoyle Berserker on Oct 15, 2018.
             Was a Believer of Trog.
             Slain by a centaur (1 damage)
             ... on level 4 of the Dungeon.
             The game lasted 00:03:21 (2652 turns).

Fang the Chopper (Gargoyle Berserker)               Turns: 2652, Time: 00:03:21

Health: 0/39       AC:  6    Str: 23    XL:     6   Next: 60%
Magic:  6/6        EV: 12    Int:  7    God:    Trog [**....]
Gold:   130        SH:  0    Dex:  9    Spells: 5/5 levels left

rFire    . . .     SeeInvis .   k - +0 war axe
rCold    . . .     Gourm    .   (no shield)
rNeg     + . .     Faith    .   b - +0 animal skin
rPois    ∞         Spirit   .   (no helmet)
rElec    +         Reflect  .   (no cloak)
rCorr    .         Harm     .   (no gloves)
MR       .....                  (no boots)
Stlth    ++........             (no amulet)
HPRegen  0.13/turn              (no ring)
MPRegen  0.10/turn              (no ring)

@: berserk cooldown, slowed, very slow
A: negative energy resistance 1, electricity resistance, unbreathing,
petrification resistance, rot immunity, AC +4
a: Berserk, Trog's Hand, Renounce Religion


You were on level 4 of the Dungeon.
You worshipped Trog.
Trog was pleased with you.
You were very hungry.

You visited 1 branch of the dungeon, and saw 4 of its levels.

You collected 130 gold pieces.

Inventory:

Hand Weapons
 k - a +0 war axe (weapon)
Armour
 b - a +0 animal skin (worn)
Scrolls
 a - a scroll of teleportation {unknown}
 d - 3 scrolls of enchant armour {unknown}
 f - 2 scrolls of enchant weapon {unknown}
 g - 3 scrolls of identify {unknown}
 h - a scroll of noise {unknown}
 j - a scroll of blinking {unknown}
Potions
 e - 2 potions of agility {unknown}
 i - a potion of haste {unknown}
 l - a potion of heal wounds {unknown}
Comestibles
 c - 3 rations


   Skills:
 + Level 4.7 Fighting
 + Level 4.9 Axes
 + Level 2.4 Armour
 + Level 2.8 Dodging
 + Level 1.5 Stealth


You had 5 spell levels left.
You didn't know any spells.
Your spell library was empty.

Dungeon Overview and Level Annotations

Branches:
Dungeon (4/15)
 Temple: D:4-7

Altars:
Qazlal
Sif Muna
Yredelemnul


Innate Abilities, Weirdness & Mutations

You are resistant to torment.
Your stone body is resilient. (AC +4)
You are immune to poison.
You resist negative energy. (rN+)
You are resistant to electric shocks. (rElec)
You can survive without breathing.
You are immune to petrification.
You are immune to rotting.


Message History

A bullfrog comes into view.
Unknown command.
Unknown command.
You barely miss the centaur. The centaur completely misses you.
The centaur closely misses you. x2
A quokka skeleton comes into view.
Unknown command.
You slash the centaur!
The centaur is moderately wounded.
You barely miss the worm. The centaur hits you.
* * * LOW HITPOINT WARNING * * *
The centaur hits you but does no damage.
The worm barely misses you. The centaur hits you.
* * * LOW HITPOINT WARNING * * *
You hit the centaur but do no damage.
The centaur is moderately wounded.
You barely miss the bullfrog. You hit the worm.
The bullfrog hits you but does no damage.
The centaur hits you.
You die...

#.............#...
..............#...
..................
............>..#..
..................
..................
.....Z.....F......
....((.(†w@c......
.......†"..........
#..................
...................# ###
##..................
####..
###...........###..##.....
###.......### #........
#....#### ##........
##..### #.........


You could see a bullfrog, a centaur, a worm and a quokka skeleton.

Vanquished Creatures
  A scorpion (D:4)
  A howler monkey (D:4)
  A hound (D:4)
  2 orc priests
  A centaur skeleton (D:4)
  An orc wizard (D:3)
  A worker ant zombie (D:3)
  4 adders
  2 oozes
  A dart slug (D:3)
  2 leopard geckos
  8 orcs
  2 giant cockroaches
  7 goblins
  6 hobgoblins
  7 bats
  4 frilled lizards
  A giant cockroach zombie (D:3)
  5 kobolds
  A leopard gecko skeleton (D:3)
  4 rats
62 creatures vanquished.

Notes
Turn   | Place    | Note
-------+----------+-------------------------------------------
     0 | D:1      | Fang the Gargoyle Berserker began the quest for the Orb.
     0 | D:1      | Reached XP level 1. HP: 14/14 MP: 1/1
    65 | D:1      | Reached XP level 2. HP: 15/19 MP: 2/2
   769 | D:2      | Found a basalt altar of Yredelemnul.
   814 | D:2      | Reached XP level 3. HP: 14/24 MP: 3/3
   987 | D:2      | Reached XP level 4. HP: 29/29 MP: 4/4
  1180 | D:2      | Reached ** piety under Trog
  1472 | D:3      | Reached XP level 5. HP: 6/34 MP: 5/5
  1840 | D:3      | Found a deep blue altar of Sif Muna.
  1899 | D:3      | Found a stormy altar of Qazlal.
  2496 | D:4      | Reached skill level 1 in Stealth
  2496 | D:4      | Reached XP level 6. HP: 38/39 MP: 6/6
  2651 | D:4      | HP: 1/39 [centaur (5)]
  2652 | D:4      | Slain by a centaur

Skill      XL: |  1  2  3  4  5 |
---------------+----------------+-----
Axes           | 3 4 |  4.9
Fighting       | 4 |  4.7
Dodging        | 2 |  2.8
Stealth        | 1 |  1.5
Armour         | |  2.4

Action                   |  1- 3 |  4- 6 || total
-------------------------+-------+-------++-------
Melee: Hand axe          |    62 |   121 ||   183
       War axe           |       |    36 ||    36
Invok: Berserk           |     2 |     2 ||     4
 Stab: Sleeping          |       |     4 ||     4
  Eat: Chunk             |     1 |     7 ||     8
Armor: Animal skin       |    23 |    48 ||    71
Dodge: Dodged            |    50 |   130 ||   180
